Match 41213719
Unlisted
Match 41213719
End
Kradschützen Motorcycle Team
250 Light Carrier
Panzergrenadier Squad
Panzergrenadier Squad
Construct Light Support Kompanie
Fire Support Elements
Panzerjäger Squad
Panzerjäger Mechanized Group
Combat Half-tracks
2.5-tonne Medical Truck
MG34 Team
Veteran Squad Leaders
Construct Panzerarmee Kommand
ThundersEdge
Landser
*Mule
Maxiboi1303
icecube
MrLoser ★
3xOG
CitizenKane
0
0
Comments sign in to comment!
No comments posted yet!